 Dungeon Crawl Stone Soup version 0.14.1-26-g5a19342 (webtiles) character file.

487 Kae the Firebug (level 6, -3/32 HPs)
             Began as a Tengu Fire Elementalist on July 24, 2014.
             Slain by an ogre
             ... wielding a +0,+0 giant spiked club
              (35 damage)
             ... on Level 4 of the Dungeon.
             The game lasted 00:05:32 (5688 turns).

Kae the Firebug (Tengu Fire Elementalist)           Turns: 5688, Time: 00:05:33

HP  -3/32        AC  3     Str  8      XL: 6   Next: 82%
MP  10/15        EV 12     Int 17      God:
Gold 92          SH  0     Dex 15      Spells:  3 memorised,  5 levels left

rFire  . . .     SeeInvis .     l - +0 whip (elec)
rCold  . . .     Clarity  .     a - +0 robe
rNeg   . . .     Conserve .     (no shield)
rPois  .         rCorr    .     (helmet restricted)
rElec  .         rRot     .     (no cloak)
SustAb . .       Spirit   .     y - +0 pair of gloves {archer}
rMut   .         Warding  .     (boots unavailable)
Saprov . . .     Stasis   .     k - amulet of inaccuracy {unknown}
MR     .....                    (no ring)
                                (no ring)

@: very slightly contaminated, not resistant to hostile enchantments, fairly
stealthy
A: able to fly, beak, talons 3
a: Fly


You were on level 4 of the Dungeon.
You were not hungry.

You visited 1 branch of the dungeon, and saw 4 of its levels.

You collected 92 gold pieces.

Inventory:

Hand weapons
 l - a +0,+0 whip of electrocution (weapon)
Armour
 a - a +0 robe (worn)
 y - a +0 pair of gloves of archery (worn)
Magical devices
 e - a wand of enslavement (10) {unknown}
Comestibles
 c - 2 bread rations
 x - a meat ration
Scrolls
 d - 3 scrolls of identify {unknown}
 h - 2 scrolls of remove curse {unknown}
 i - 2 scrolls of enchant weapon II {unknown}
 j - 3 scrolls of magic mapping {unknown}
 m - 2 scrolls of fear {unknown}
 p - a scroll of immolation {unknown}
 q - a scroll of random uselessness {unknown}
 w - a scroll of amnesia {unknown}
Jewellery
 k - an amulet of inaccuracy (around neck) {unknown}
Potions
 f - a potion of brilliance {unknown}
 g - a potion of resistance {unknown}
 n - a potion of poison {unknown}
 o - a potion of might
 r - a potion of degeneration {unknown}
 s - a potion of restore abilities {unknown}
 t - a potion of curing
 v - a potion of magic {unknown}
 z - a potion of experience {unknown}
Books
 b - a book of Flames

   Spells                             Type                      Level
   *Flame Tongue                      Conjuration/Fire             1
   *Throw Flame                       Conjuration/Fire             2
   *Conjure Flame                     Conjuration/Fire             3
   Inner Flame                        Hexes/Fire                   3
   Sticky Flame                       Conjuration/Fire             4
   Fireball                           Conjuration/Fire             5
 u - a book of Death

   Spells                             Type                      Level
   Corpse Rot                         Necromancy                   2
   Sublimation of Blood               Necromancy                   2
   Agony                              Necromancy                   5
   Dispel Undead                      Necromancy                   5
   Excruciating Wounds                Charms/Necromancy            5
   Bolt of Draining                   Conjuration/Necromancy       5


   Skills:
 - Level 2.1 Dodging
 - Level 2.0 Stealth
 + Level 3.4 Spellcasting
 * Level 5.3 Conjurations
 * Level 5.8 Fire Magic


You had 5 spell levels left.
You knew the following spells:

 Your Spells              Type           Power        Failure   Level  Hunger
a - Flame Tongue          Conj/Fire      ###..        1%          1    None
b - Throw Flame           Conj/Fire      ###...       2%          2    ##.....
c - Conjure Flame         Conj/Fire      ###.....     8%          3    ###....


Dungeon Overview and Level Annotations

Branches:
Dungeon (4/15)
 Temple: D:4-7

Altars:
Fedhas


Innate Abilities, Weirdness & Mutations

You can fly.
You have a beak for a mouth.
You have claws for feet.


Message History

You miscast Conjure Flame.
You are very lightly contaminated with residual magic.
Wisps of smoke drift from your hands.
Casting: Conjure Flame
Confirm with . or Enter, or press ? or * to list all spells.
Aiming: Flame Tongue
Press: ? - help, Shift-Dir - straight line, f - ogre
Aim: an ogre, wielding a giant spiked club The flame tongue hits the ogre.
The ogre is heavily wounded.
Casting: Flame Tongue
Confirm with . or Enter, or press ? or * to list all spells.
Aiming: Flame Tongue
Press: ? - help, Shift-Dir - straight line, f/p - ogre
Aim: an ogre, wielding a giant spiked club (heavily wounded)
The flame tongue hits the ogre.
The ogre is heavily wounded.
The ogre hits you with a giant spiked club!
Ouch! That really hurt!
You die...

....# #....# #......#.#
#.##### ....# #....#
########.###.#### #####
##.#.. ....#.#......# #
#.#.## ##.##.#......## #
#.#.# #............## #
#.#.# #............## #
#.# #.....%......## #
#.#'#######....).......##
#
#..K...O@.#......##.##...
#
#....####%.....####.##...
# #.. #......# #.##...
######### #......#
#.##... .........
#........##.##...
#########
#.###....##.#####
.......# #.# #....##.#
######.# #######.#
#....##<# ### #.
###.....#.# #####


You could see an ogre and a kobold.

Vanquished Creatures
  An ogre (D:4)
  A hound (D:4)
  2 orc priests (D:4)
  A centaur skeleton (D:4)
  A worker ant (D:4)
  Terence (D:3)
  5 adders
  2 worms (D:4)
  5 giant geckos
  An ooze (D:3)
  11 orcs
  4 ball pythons
  8 bats
  3 giant cockroaches
  8 goblins
  10 hobgoblins
  11 kobolds
  A quokka (D:3)
  3 giant newts
  3 jackals (D:1)
  14 rats
96 creatures vanquished.

Notes
Turn   | Place    | Note
--------------------------------------------------------------
     0 | D:1      | Kae, the Tengu Fire Elementalist, began the quest for the Orb.
     0 | D:1      | Reached XP level 1. HP: 10/10 MP: 3/3
    37 | D:1      | Reached XP level 2. HP: 12/15 MP: 1/5
   543 | D:1      | Reached XP level 3. HP: 8/19 MP: 0/7
  1056 | D:2      | Reached skill level 4 in Fire Magic
  2174 | D:3      | Paralysed by a potion of paralysis for 5 turns
  2182 | D:3      | Reached XP level 4. HP: 11/24 MP: 6/9
  2896 | D:3      | Noticed Terence
  2921 | D:2      | Learned a level 2 spell: Throw Flame
  2942 | D:2      | Learned a level 3 spell: Conjure Flame
  3138 | D:3      | Killed Terence
  3824 | D:3      | Reached XP level 5. HP: 21/28 MP: 7/11
  4846 | D:4      | Found a blossoming altar of Fedhas.
  4847 | D:4      | Reached skill level 5 in Fire Magic
  5099 | D:4      | Noticed an ogre
  5107 | D:4      | Killed an ogre
  5107 | D:4      | Reached XP level 6. HP: 32/32 MP: 5/15
  5226 | D:4      | Noticed a phantom
  5285 | D:4      | Reached skill level 5 in Conjurations
  5657 | D:4      | Noticed an ogre
  5688 | D:4      | Slain by an ogre

Action                   |  1- 3 |  4- 6 || total
-------------------------+-------+-------++-------
Melee: Unarmed           |    38 |       ||    38
       Whip              |    19 |   110 ||   129
 Cast: Flame Tongue      |    50 |    90 ||   140
       Conjure Flame     |       |     1 ||     1
       Throw Flame       |       |    23 ||    23
  Use: Potion            |     3 |       ||     3
 Stab: Sleeping          |     1 |     3 ||     4
       Distracted        |     1 |       ||     1
